 Dungeon Crawl Stone Soup version 0.14.1-26-g5a19342 (webtiles) character file.

9157 Kae the Conjurer (level 11, 0/54 HPs)
             Began as a Tengu Fire Elementalist on July 22, 2014.
             Was a Priest of Vehumet.
             Slain by a yak (10 damage)
             ... on Level 11 of the Dungeon.
             The game lasted 00:34:03 (14443 turns).

Kae the Conjurer (Tengu Fire Elementalist)         Turns: 14443, Time: 00:34:03

HP   0/54        AC  6     Str 10      XL: 11   Next: 31%
MP   0/28        EV 12     Int 16      God: Vehumet [***...]
Gold 670         SH  0     Dex 14      Spells:  5 memorised, 10 levels left

rFire  . . .     SeeInvis .     (no weapon)
rCold  + . .     Clarity  +     a - +0 robe (curse)
rNeg   . . .     Conserve .     (no shield)
rPois  +         rCorr    .     (helmet restricted)
rElec  .         rRot     .     (no cloak)
SustAb . .       Spirit   +     q - +0 pair of gloves
rMut   .         Warding  .     (boots unavailable)
Saprov . . .     Stasis   .     r - amulet of guardian spirit
MR     .....                    n - cursed -2 ring of intelligence
                                H - ring of Sin {+Inv rPois rC+ AC+3 Acc+4 Dam+3}

@: not resistant to hostile enchantments, fairly stealthy
A: able to fly, beak, talons 3, blurry vision 1, clarity, herbivore 1
a: Fly, Renounce Religion, Evoke Invisibility


You were on level 11 of the Dungeon.
You worshipped Vehumet.
Vehumet was most pleased with you.
You were very hungry.

You visited 2 branches of the dungeon, and saw 12 of its levels.
You also visited: Sewer.

You collected 670 gold pieces.

Inventory:

Hand weapons
 e - a +2,+1 short sword
 i - a +2,+2 mace of protection
Armour
 a - a cursed +0 robe (worn)
 q - a +0 pair of gloves (worn)
Magical devices
 f - a wand of fireball (4)
 w - a wand of frost (7)
 D - a wand of disintegration (4)
 L - a wand of enslavement (1)
Comestibles
 c - 9 bread rations
 p - a choko
 s - 4 meat rations
 t - a lychee
 B - 2 rotting chunks of goliath beetle flesh
 E - 2 apples
 J - 6 beef jerkies
 K - 5 rotting chunks of centaur flesh
Scrolls
 d - 6 scrolls of teleportation
 h - 6 scrolls of identify
 y - a scroll of remove curse
 G - 2 scrolls of enchant weapon II
 M - a scroll of immolation {unknown}
 N - a scroll of magic mapping
Jewellery
 l - an uncursed ring of protection from fire
 m - a cursed ring of magical power
 n - a cursed -2 ring of intelligence (right hand)
 r - an amulet of guardian spirit (around neck)
 u - an uncursed ring of teleportation
 F - a +2 ring of evasion
 H - the ring of Sin (left hand) {+Inv rPois rC+ AC+3 Acc+4 Dam+3}
   (You found it on level 7 of the Dungeon)

   [ring of protection]

   It affects your AC (+3).
   It affects your accuracy with ranged weapons and melee attacks (+4).
   It affects your damage with ranged weapons and melee attacks (+3).
   It protects you from cold.
   It protects you from poison.
   It lets you turn invisible.
Potions
 j - a potion of haste
 k - 2 potions of curing
 o - 2 potions of resistance
 v - 2 potions of confusion
 x - 3 potions of agility
 z - 3 potions of flight
 A - a potion of berserk rage
 C - 2 potions of invisibility
Books
 b - a book of Flames

   Spells                             Type                      Level
   *Flame Tongue                      Conjuration/Fire             1
   *Throw Flame                       Conjuration/Fire             2
   *Conjure Flame                     Conjuration/Fire             3
   Inner Flame                        Hexes/Fire                   3
   *Sticky Flame                      Conjuration/Fire             4
   *Fireball                          Conjuration/Fire             5
 g - a book of Party Tricks

   Spells                             Type                      Level
   Summon Butterflies                 Summoning                    1
   Apportation                        Translocation                1
   Blink                              Translocation                2
   Alistair's Intoxication            Transmutation/Poison         4
   Tukima's Dance                     Hexes                        5
 I - a book of War Chants

   Spells                             Type                      Level
   Fire Brand                         Charms/Fire                  2
   Freezing Aura                      Charms/Ice                   2
   Shroud of Golubria                 Charms/Translocation         2
   Repel Missiles                     Charms/Air                   2
   Poison Weapon                      Charms/Poison                3
   Regeneration                       Charms/Necromancy            3


   Skills:
 - Level 2.1 Dodging
 - Level 2.0 Stealth
 + Level 7.5 Spellcasting
 * Level 13.7 Conjurations
 * Level 12.1 Fire Magic


You had 10 spell levels left.
You knew the following spells:

 Your Spells              Type           Power        Failure   Level  Hunger
a - Flame Tongue          Conj/Fire      #####        1%          1    None
b - Throw Flame           Conj/Fire      #####.       1%          2    None
c - Conjure Flame         Conj/Fire      #####...     1%          3    ##.....
d - Sticky Flame          Conj/Fire      #####...     1%          4    ####...
e - Fireball              Conj/Fire      #####.....   1%          5    #####..


Dungeon Overview and Level Annotations

Branches:
Dungeon (11/15)            Temple (1/1) D:7             Orc (0/4) D:9
   Lair (0/8) D:9

Altars:
Ashenzari
Cheibriados
Dithmenos
Elyvilon
Kikubaaqudgha
Makhleb
Okawaru
Sif Muna
Trog
Vehumet
Xom
Yredelemnul
Zin
The Shining One

Shops:
D:5 %   D:9 =[!


Innate Abilities, Weirdness & Mutations

You can fly.
You have a beak for a mouth.
You have claws for feet.
Your vision is a little blurry.
You possess an exceptional clarity of mind.
You digest meat inefficiently.


Message History

Casting: Flame Tongue
Confirm with . or Enter, or press ? or * to list all spells.
Aiming: Sticky Flame
Press: ? - help, Shift-Dir - straight line, f - yak
Aim: a yak (flame)
The sticky flame hits the yak.
The yak is lightly wounded.
The yak is covered in liquid flames!
The yak burns!
The yak is engulfed in roaring flames.
The yak gores you but does no damage. The yak gores you!
You hit the yak but do no damage. You peck the yak, but do no damage.
The yak is severely wounded.
The yak burns!
The yak is engulfed in roaring flames.
The yak gores you but does no damage. The yak gores you!
* * * LOW HITPOINT WARNING * * *
Read which item? (? for menu, Esc to quit)
The writing blurs in front of your eyes.
The yak burns!
The yak is engulfed in roaring flames.
The yak barely misses you. The yak gores you!
You die...

## ######## .# #........
.# #......Y.# .#
#........# .# #.....DY.#
.# #.Y..Y...# .##
#Y####### ..# +@Y.....#
..# #.......# ..########
######'## ......#..# #.
#.....# ......'..#
+..#.....# ......#..#
#..#.....#
#######..######..#..####
.......................#
.......................#


You could see 3 yaks.

Vanquished Creatures
  An unseen horror (D:10)
  Pikel (D:6)
  A centaur zombie (D:11)
  A queen ant (D:10)
  A two-headed ogre (D:8)
  A deep elf mage (D:10)
  The ghost of Kae the Cudgeler, an average MiFi (D:3)
  A yak (D:11)
  2 hippogriffs
  2 wyverns
  A necrophage (D:9)
  4 soldier ants (D:10)
  3 ice beasts
  6 orc warriors
  A water moccasin (D:9)
  2 sky beasts
  A black bear (D:9)
  4 slaves (D:6)
  7 ogres
  3 phantoms
  3 centaurs
  Duvessa (D:6)
  Blork the orc (D:6)
  4 giant frogs
  A cyclops zombie (D:10)
  A cyclops skeleton (D:11)
  2 scorpions (D:8)
  4 wights (D:6)
  2 yak skeletons
  Dowan (D:6)
  3 goliath beetles
  3 crimson imps
  A jelly (D:7)
  5 orc priests
  2 iguanas
  14 orc wizards
  5 hounds
  24 worker ants
  A hound zombie (D:7)
  2 mummies
  4 gnolls
  11 adders
  2 shadow imps
  8 worms
  5 giant mites
  An adder zombie (D:6)
  An orc skeleton (D:5)
  A giant eyeball (D:8)
  9 giant geckos
  4 oozes (Sewer)
  36 orcs
  6 ball pythons
  7 giant cockroaches
  11 goblins
  12 hobgoblins
  15 jackals
  3 quokkas
  18 bats
  4 giant newts
  A giant spore (D:8)
  A hobgoblin skeleton (D:8)
  A jackal zombie (D:9)
  16 kobolds
  A quokka skeleton (D:5)
  16 rats
  A rat skeleton (D:5)
  A rat zombie (D:5)
  3 ballistomycetes (D:8)
323 creatures vanquished.

Vanquished Creatures (others)
  A quokka (D:9)
1 creature vanquished.

Grand Total: 324 creatures vanquished

Notes
Turn   | Place    | Note
--------------------------------------------------------------
     0 | D:1      | Kae, the Tengu Fire Elementalist, began the quest for the Orb.
     0 | D:1      | Reached XP level 1. HP: 10/10 MP: 3/3
   103 | D:1      | Reached XP level 2. HP: 10/15 MP: 1/5
   696 | D:1      | Reached XP level 3. HP: 15/19 MP: 7/7
   992 | D:2      | Reached skill level 4 in Fire Magic
  1388 | D:2      | Reached XP level 4. HP: 24/24 MP: 7/9
  2016 | D:3      | Found a snail-covered altar of Cheibriados.
  2184 | D:3      | Noticed a centaur
  2204 | D:2      | Gained mutation: You digest meat inefficiently. [potion of mutation]
  2204 | D:2      | Gained mutation: You possess an exceptional clarity of mind. [potion of mutation]
  2204 | D:2      | Gained mutation: Your vision is a little blurry. [potion of mutation]
  2207 | D:2      | Paralysed by a potion of paralysis for 5 turns
  2634 | D:3      | Reached XP level 5. HP: 23/28 MP: 8/11
  2943 | D:3      | Killed a centaur
  2943 | D:3      | Reached skill level 5 in Fire Magic
  3107 | D:3      | Noticed Kae's ghost (average MiFi)
  3123 | D:3      | Learned a level 2 spell: Throw Flame
  3127 | D:3      | Learned a level 3 spell: Conjure Flame
  3141 | D:3      | Reached XP level 6. HP: 32/32 MP: 8/14
  3436 | D:3      | Killed Kae's ghost
  3436 | D:3      | Reached skill level 5 in Conjurations
  3711 | D:4      | Reached XP level 7. HP: 6/36 MP: 7/17
  3910 | D:4      | Reached skill level 6 in Conjurations
  3965 | D:4      | Found a glowing drain.
  3983 | Sewer    | Entered a sewer
  5112 | D:4      | Found an ancient bone altar of Kikubaaqudgha.
  5113 | D:4      | Found a shimmering altar of Xom.
  5366 | D:5      | Entered Level 5 of the Dungeon
  5388 | D:5      | Found Stechen's Food Boutique.
  5975 | D:5      | Reached skill level 7 in Conjurations
  6020 | D:5      | Reached XP level 8. HP: 39/41 MP: 4/20
  6352 | D:5      | Learned a level 4 spell: Sticky Flame
  6358 | D:5      | Learned a level 5 spell: Fireball
  6413 | D:5      | Found a burning altar of Makhleb.
  6415 | D:5      | Noticed an Executioner
  6863 | D:6      | Noticed Duvessa
  6863 | D:6      | Noticed Dowan
  6870 | D:6      | Killed Duvessa
  6870 | D:6      | Reached skill level 8 in Conjurations
  6887 | D:6      | Killed Dowan
  7047 | D:6      | Noticed Blork the orc
  7085 | D:6      | Killed Blork the orc
  7516 | D:6      | Noticed Pikel
  7539 | D:6      | Killed Pikel
  7539 | D:6      | Reached skill level 5 in Spellcasting
  7539 | D:6      | Reached skill level 9 in Conjurations
  7539 | D:6      | Reached XP level 9. HP: 26/45 MP: 9/22
  7908 | D:6      | Reached skill level 10 in Conjurations
  8254 | D:7      | Found a staircase to the Ecumenical Temple.
  8307 | Temple   | Entered the Ecumenical Temple
  8342 | Temple   | Became a worshipper of Vehumet
  8769 | D:7      | Found a deep blue altar of Sif Muna.
  8988 | D:7      | Got a faintly glowing glass ring
  9200 | D:8      | Paralysed by a giant eyeball for 4 turns
  9385 | D:8      | Reached skill level 11 in Conjurations
  9399 | D:8      | Identified the ring of Sin {+Inv rPois rC+ AC+3 Acc+4 Dam+3} (You found it on level 7 of the Dungeon)
  9460 | D:8      | Reached skill level 10 in Fire Magic
  9549 | D:8      | Acquired Vehumet's first power
  9549 | D:8      | Offered knowledge of Sting by Vehumet.
  9549 | D:8      | Reached XP level 10. HP: 50/50 MP: 18/25
  9970 | D:9      | Found Razir's Antique Armour Boutique.
  9978 | D:9      | Found a staircase to the Lair.
 10117 | D:9      | Found Wucub's Distillery.
 10157 | D:9      | Found Cocuaw's Jewellery Shoppe.
 10173 | D:9      | Found a white marble altar of Elyvilon.
 10450 | D:9      | Offered knowledge of Searing Ray by Vehumet.
 10450 | D:9      | Reached skill level 12 in Conjurations
 10771 | D:9      | Found a staircase to the Orcish Mines.
 12398 | D:10     | Entered Level 10 of the Dungeon
 12402 | D:10     | Offered knowledge of Static Discharge by Vehumet.
 13254 | D:10     | Reached skill level 13 in Conjurations
 13354 | D:10     | Killed an unseen horror
 13354 | D:10     | Reached XP level 11. HP: 22/54 MP: 6/27
 13360 | D:10     | Acquired Vehumet's second power
 14443 | D:11     | Slain by a yak

Action                   |  1- 3 |  4- 6 |  7- 9 | 10-12 || total
-------------------------+-------+-------+-------+-------++-------
Melee: Unarmed           |    22 |       |       |     3 ||    25
       Short sword       |    17 |       |       |       ||    17
       Mace              |    32 |    61 |   138 |    41 ||   272
 Cast: Flame Tongue      |    31 |    66 |   311 |   384 ||   792
       Throw Flame       |       |     3 |    14 |    24 ||    41
       Conjure Flame     |       |     1 |    14 |    11 ||    26
       Sticky Flame      |       |       |     5 |    21 ||    26
       Fireball          |       |       |       |     1 ||     1
 Abil: Fly               |       |       |       |     1 ||     1
Evoke: Wand              |       |       |       |     1 ||     1
  Use: Scroll            |       |     6 |    13 |     1 ||    20
       Potion            |       |     6 |       |     7 ||    13
 Stab: Sleeping          |     3 |     2 |     1 |     4 ||    10
